 Dungeon Crawl Stone Soup version 0.16-a0-3909-g31f9ca0 (webtiles) character file.

628744 BluebellGnoll the Invulnerable (level 27, -69/271 (273) HPs)
             Began as a Minotaur Gladiator on Feb 2, 2015.
             Was the Champion of Makhleb.
             Killed from afar by an ancient lich (87 damage)
             ... with a crystal spear
             ... on level 2 of the Tomb of the Ancients on Feb 3, 2015.
             The game lasted 07:41:36 (74568 turns).

BluebellGnoll the Invulnerable (MiGl)              Turns: 74568, Time: 07:41:36

HP:   -69/271 (273) AC: 45    Str: 26      XL:     27
MP:   41/41         EV: 29    Int:  6      God:    Makhleb [******]
Gold: 9537          SH:  0    Dex: 21 (22) Spells: 2 memorised, 24 levels left

rFire  + . .     SeeInvis .     z - +10 battleaxe of Responsibility {chop, rElec Dex+3} (curse)
rCold  . . .     Clarity  .     p - +8 pearl dragon armour (curse)
rNeg   + . .     SustAb   .     (no shield)
rPois  +         Gourm    .     T - +1 hat {Int+3} (curse)
rElec  +         Spirit   .     K - +2 cloak {rPois} (curse)
rCorr  .         Warding  .     Q - +1 pair of gloves (curse)
rMut   +         Stasis   .     k - +0 pair of boots (curse)
MR     +++++                    C - amulet of resist mutation (curse)
Stlth  +++.......               a - ring "Gekaerr" {+Fly rF+ MR+ Stlth+} (curse)
                                s - ring "Plokhlecu" {MR++ Dex-4 Stlth+} (curse)

@: agile, very slightly contaminated, hasted, heavily drained, very quick,
almost entirely resistant to hostile enchantments, fairly stealthy
A: retaliatory headbutt, horns 2, iridescent scales 1, slimy green scales 1,
dopey 1, poison resistance
a: Minor Destruction, Lesser Servant of Makhleb, Major Destruction, Greater
Servant of Makhleb, Renounce Religion, Evoke Flight
}: 3/15 runes: decaying, serpentine, silver


You were on level 2 of the Tomb of the Ancients.
You worshipped Makhleb.
Makhleb was exalted by your worship.
You were not hungry.

You visited 11 branches of the dungeon, and saw 57 of its levels.
You visited the Abyss 1 time.
You visited 1 bazaar.
You also visited: Labyrinth, Ossuary and Volcano.

You collected 11081 gold pieces.
You spent 1544 gold pieces at shops.

Inventory:

Hand weapons
 z - the cursed +10 battleaxe of Responsibility (weapon) {chop, rElec Dex+3}
   (You found it on level 2 of the Snake Pit)

   It inflicts extra damage upon your enemies.
   It affects your dexterity (+3).
   It insulates you from electricity.
   It has a curse placed upon it.
Missiles
 d - 3 throwing nets
 I - 52 tomahawks (quivered)
Armour
 k - a cursed +0 pair of boots (worn)
 p - a cursed +8 pearl dragon armour (worn)
 K - a cursed +2 cloak of poison resistance (worn)
 Q - a cursed +1 pair of gloves (worn)
 T - a cursed +1 hat of intelligence (worn)
Jewellery
 a - the cursed ring "Gekaerr" (right hand) {+Fly rF+ MR+ Stlth+}
   (You took it off a spriggan air mage on level 2 of the Depths)

   [ring of protection from magic]

   It protects you from fire.
   It affects your resistance to hostile enchantments.
   It lets you fly.
   It makes you more stealthy.
   It has a curse placed upon it.
 s - the cursed ring "Plokhlecu" (left hand) {MR++ Dex-4 Stlth+}
   (You took it off a deep elf master archer on level 3 of the Elven Halls)

   [ring of stealth]

   It affects your dexterity (-4).
   It affects your resistance to hostile enchantments.
   It makes you more stealthy.
   It has a curse placed upon it.
 y - a cursed ring of loudness {unknown}
 C - a cursed amulet of resist mutation (around neck)
Magical devices
 b - a wand of confusion (12)
 i - a wand of cold (6)
 n - a wand of fire (4)
 x - a wand of digging (19)
 O - a wand of fire (5)
Scrolls
 c - 12 scrolls of teleportation
 g - a scroll of holy word
 h - 2 scrolls of silence
 j - 5 scrolls of fog
 l - 8 scrolls of blinking
 o - 2 scrolls of summoning
 r - 23 scrolls of remove curse
 t - 8 scrolls of immolation
 u - 4 scrolls of identify
 J - a scroll of fear
 M - 4 scrolls of magic mapping
 W - 7 scrolls of recharging
Potions
 e - 6 potions of haste
 v - 7 potions of cancellation
 w - 3 potions of heal wounds
 A - 3 potions of berserk rage
 E - 24 potions of curing
 F - 3 potions of might
 H - 3 potions of invisibility
 N - 6 potions of agility
 X - 2 potions of resistance
Miscellaneous
 m - a phial of floods
 G - an ornate deck of war {the Pentagram}
 U - a stone of tremors
 Z - a lamp of fire
Comestibles
 f - 23 beef jerkies
 q - 26 meat rations
 D - a slice of pizza


   Skills:
 O Level 27(24.2) Fighting
 - Level 20.6(18.2) Axes
 - Level 6.0(4.3) Throwing
 O Level 27(24.2) Armour
 - Level 18.2(15.8) Dodging
 - Level 22.2(19.7) Invocations
 + Level 13.9(11.7) Evocations


You had 24 spell levels left.
You knew the following spells:

 Your Spells              Type           Power        Failure   Level  Hunger
a - Apportation           Tloc           #.........   80%         1    ##.....
b - Summon Butterflies    Summ           #.......     80%         1    ##.....


Dungeon Overview and Level Annotations

Branches:
Dungeon (15/15)            Temple (1/1) D:7            Lair (8/8) D:9
  Swamp (5/5) Lair:4        Snake (5/5) Lair:6        Slime (0/6) Lair:7
    Orc (4/4) D:12            Elf (3/3) Orc:4        Vaults (5/5) D:14
  Crypt (3/3) Vaults:2       Tomb (3/3) Crypt:3      Depths (5/5) D:15
    Zot (0/5) Depths:5

Altars:
Ashenzari
Cheibriados
Kikubaaqudgha
Makhleb
Okawaru
Qazlal
Ru
Sif Muna
Trog
Vehumet
Xom
Yredelemnul
Zin
The Shining One
Beogh
Jiyva

Shops:
D:4 *   D:6 %   D:9 (   D:13 [   Orc:3 }   Orc:4 [*(:   Elf:3 [   Vaults:1 *
Vaults:2 }   Vaults:4 =

Portals:
Hell: Depths:1 Depths:2 Depths:3 Depths:4 Depths:5
Abyss: Depths:1 Depths:2 Depths:3 Depths:4 Depths:5
Pandemonium: Depths:3 Depths:5
Ziggurat: Depths:2

Annotations:
Depths:5 food stash


Innate Abilities, Weirdness & Mutations

You reflexively headbutt those who attack you in melee.
You have a pair of horns on your head.
You are partially covered in iridescent scales (AC +4).
You are partially covered in slimy green scales (AC +2).
You are dopey. (Int -2)
Your system is resistant to poisons.


Message History

The ancient lich barely misses you.
You slash the ancient lich! Your headbutt misses the ancient lich.
The ancient lich is moderately damaged.
You slice the ancient lich!!
You headbutt the ancient lich, but do no damage.
The ancient lich is heavily damaged.
The ancient lich touches you but does no damage.
You barely miss the ancient lich.
The ancient lich is heavily damaged.
The ancient lich gestures at you while chanting.
The crystal spear hits you!
* * * LOW HITPOINT WARNING * * *
You slice the ancient lich!!
You headbutt the ancient lich, but do no damage.
The ancient lich is severely damaged.
You slash the ancient lich! Your headbutt misses the ancient lich.
The ancient lich is severely damaged.
The ancient lich points at you and mumbles some strange words.
The crystal spear hits you!
You die...

#........#.......#
#......^|#^......#
'........+..^....#
#^.......#.....^.#
#.....^..#.......#
#############.[..#
............#....#
......##....#...)#
#.....##....#...@#
............#.[L)#
..##........#>.[>#
..##........######
............#....#
.....#......#....#
.....##.....'^.^.#
......#.....#....#
[./........|#....#


You could see an ancient lich.

Vanquished Creatures
  4 ancient liches
  7 greater mummies
  Boris (Tomb:2)
  Margery (Crypt:3)
  Saint Roka (Vaults:5)
  2 caustic shrikes (Depths:3)
  3 golden dragons
  Jory (Crypt:3)
  2 bone dragons
  7 tentacled monstrosities
  2 deep elf master archers (Elf:3)
  7 titans
  Asterion (Swamp:3)
  A deep elf blademaster (Elf:3)
  10 liches
  12 tengu reavers
  A tentacled starspawn (Abyss:1)
  Rupert (Lair:6)
  Agnes (Swamp:2)
  4 storm dragons
  Kirke (Snake:3)
  14 sphinxes
  An ancient champion (Tomb:2)
  2 thorn hunters
  5 shadow dragons
  A draconian monk (Depths:5)
  A revenant (Crypt:1)
  A fire giant (shapeshifter) (Depths:2)
  14 frost giants
  Donald (Swamp:5)
  Wiglaf (Snake:3)
  8 greater nagas (Snake:5)
  3 iron dragons
  13 fire giants
  Aizul (Snake:3)
  The ghost of haldagan the Brawler, a mighty VSMo of Cheibriados (Snake:5)
  Louise (Snake:4)
  2 balrugs
  2 curse skulls
  A draconian knight (Depths:5)
  2 cacodemons
  Gastronok (Orc:3)
  12 deep elf sorcerers
  18 ironheart preservers
  8 vault wardens
  5 emperor scorpions
  6 ghouls
  A ghost moth (shapeshifter) (Depths:2)
  Jorgrun (Vaults:4)
  The ghost of Ololoev the Prestidigitator, a powerful HaHu of Okawaru (D:15)
  8 war gargoyles
  17 stone giants
  A draconian annihilator (Depths:1)
  14 very ugly things
  3 reapers (Tomb:1)
  3 spriggan defenders (Depths:3)
  A stone giant (shapeshifter) (Depths:2)
  2 lorocyprocas
  4 bennus
  A grey draconian (Depths:5)
  5 deep elf demonologists
  9 deep elf annihilators
  5 vampire knights
  A purple draconian (Depths:5)
  A black draconian (Depths:5)
  A dire elephant (shapeshifter) (Depths:2)
  2 red draconians (Depths:5)
  2 white draconians (Depths:5)
  5 dire elephants
  5 unborn
  19 mummy priests
  2 eidola
  6 deep elf high priests
  10 deep elf death magi
  29 vault guards
  4 large abominations
  11 ettins
  13 giant orange brains
  A quicksilver dragon zombie (Tomb:1)
  3 green deaths
  9 minotaurs
  12 crystal guardians (Depths:2)
  3 blizzard demons
  Josephine (Orc:3)
  A fire dragon (shapeshifter) (Depths:3)
  16 yaktaur captains
  11 fire dragons
  12 jiangshi
  Fannar (D:13)
  9 rakshasas
  A ghost crab (Swamp:5)
  6 ice dragons
  12 naga warriors
  5 great orbs of eyes
  A hydra (shapeshifter) (Vaults:5)
  15 ogre magi
  5 spriggan air magi
  24 hydras
  14 alligators
  22 anacondas
  An alligator (shapeshifter) (Depths:2)
  8 deep troll earth magi
  11 centaur warriors
  28 dancing weapons
  14 death yaks
  A death knight (Crypt:2)
  8 deep troll shamans
  A titan zombie (Tomb:1)
  7 shock serpents
  2 tengu warriors
  8 spriggan berserkers
  5 orc high priests
  7 vampire magi
  2 thrashing horrors (Abyss:1)
  The ghost of catsarecewl the Frost Mage, a powerful DEWz of Vehumet (Lair:1)
  14 naga sharpshooters
  A hell beast (Depths:3)
  3 sun demons
  A catoblepas (shapeshifter) (Depths:2)
  Nergalle (Orc:2)
  26 deep elf knights
  A spectral storm dragon (Tomb:1)
  9 soul eaters
  Erolcha (D:8)
  The ghost of xsansara the Archer, an experienced HaWn of Okawaru (D:8)
  3 catoblepae
  5 salamander mystics
  A wretched star (Abyss:1)
  36 skeletal warriors
  62 death scarabs
  3 titan skeletons
  A storm dragon skeleton (Tomb:2)
  2 iron trolls (Depths:3)
  8 shadow wraiths
  A spectral anaconda (Tomb:2)
  An unseen horror (D:15)
  An ice devil (Depths:5)
  10 flayed ghosts
  16 hell knights
  5 hill giants
  4 fire crabs
  A sea snake (Snake:5)
  A lindwurm (Volcano)
  An anaconda zombie (Tomb:1)
  39 deep trolls
  4 spriggan druids
  4 wizards
  11 swamp dragons
  7 deep elf summoners
  9 naga ritualists
  A deep troll (shapeshifter) (Depths:2)
  3 obsidian statues (Depths:2)
  3 golden dragon skeletons
  A harpy (shapeshifter) (Vaults:4)
  12 anubis guards (Tomb:2)
  12 mana vipers
  A swamp dragon (shapeshifter) (Depths:2)
  2 anubis guards (shapeshifter) (Depths:3)
  2 shambling mangroves
  16 deep elf conjurers
  29 orc knights
  3 manticores (Elf:1)
  16 ironbrand convokers
  8 harpies
  A lindwurm (shapeshifter) (Depths:2)
  8 necromancers
  3 hornets
  A frost giant zombie (Crypt:1)
  2 orb spiders (shapeshifter)
  2 anaconda skeletons (Crypt:1)
  A shadow dragon skeleton (Crypt:3)
  2 wolf spiders
  4 fire giant zombies
  2 tengu skeletons
  52 ugly things
  10 griffons
  18 salamanders
  4 cyclopes
  A spectral ice dragon (Tomb:2)
  9 orc sorcerers
  A water nymph (shapeshifter) (Vaults:5)
  A draconian (shapeshifter) (Depths:5)
  3 manticores (shapeshifter)
  A moth of wrath (shapeshifter) (Depths:4)
  2 sixfirhies
  3 death scarab zombies (Tomb:1)
  2 iron dragon skeletons
  7 elephants
  11 phantasmal warriors
  A shock serpent zombie (Tomb:1)
  10 guardian serpents
  6 orange demons
  An octopode (shapeshifter) (Vaults:3)
  37 black mambas
  Joseph (D:12)
  2 centaur zombies
  A frost giant skeleton (Vaults:2)
  4 molten gargoyles
  A shock serpent skeleton (Crypt:1)
  2 fire giant skeletons
  An elephant (shapeshifter) (Depths:3)
  An elephant slug zombie (Crypt:1)
  3 rust devils
  2 centaur skeletons
  A torpor snail (Depths:3)
  A hellion (Vaults:5)
  13 vault sentinels
  5 smoke demons
  Psyche (D:8)
  2 demonic crawlers
  A yellow draconian zombie (Crypt:2)
  A dire elephant skeleton (Crypt:3)
  10 gargoyles
  A redback zombie (D:15)
  31 naga magi
  5 tengu conjurers
  2 storm dragon simulacra
  A yaktaur (shapeshifter) (Vaults:5)
  20 spiny frogs
  12 komodo dragons
  3 hellwings
  A silent spectre (Crypt:2)
  4 trolls
  2 kobold demonologists
  6 red devils
  17 yaktaurs
  34 guardian mummies
  17 deep elf priests
  10 freezing wraiths
  6 fire drakes
  10 giant leeches
  A hydra zombie (Crypt:3)
  A wind drake (shapeshifter) (Vaults:1)
  A minotaur zombie (Crypt:1)
  2 human skeletons
  A wandering mushroom (Lair:7)
  A troll (shapeshifter) (Depths:3)
  Sonja (D:14)
  8 polar bears (Lair:8)
  35 two-headed ogres
  A wind drake (Depths:2)
  3 blue devils
  20 blink frogs
  A wolf spider simulacrum (Tomb:1)
  Prince Ribbit (D:8)
  5 boulder beetles
  A fire vortex (Volcano)
  A jumping spider (Elf:2)
  A jumping spider (shapeshifter) (Vaults:1)
  17 ravens
  A tengu simulacrum (Vaults:2)
  6 ushabtiu
  2 bog bodies (Swamp:1)
  A two-headed ogre (shapeshifter) (D:13)
  4 ice dragon zombies
  2 baby alligators (shapeshifter)
  2 boulder beetles (shapeshifter)
  2 catoblepas skeletons (Crypt:3)
  48 slime creatures
  A slime creature (shapeshifter) (Elf:2)
  A stone giant simulacrum (Crypt:1)
  An alligator zombie (Tomb:1)
  2 basilisks
  A minotaur skeleton (Crypt:2)
  An iron dragon simulacrum (Depths:4)
  A raven (shapeshifter) (Vaults:4)
  A spectral giant leech (Swamp:5)
  2 ettin zombies
  5 raiju
  11 wraiths
  9 redbacks
  2 frost giant simulacra
  5 water elementals
  34 deep elf magi
  7 air elementals (Depths:2)
  7 fire elementals
  37 flying skulls
  An ice dragon skeleton (Crypt:3)
  A tarantella (shapeshifter) (Depths:2)
  A wyvern (shapeshifter) (Vaults:4)
  A fire dragon skeleton (Crypt:3)
  47 yaks
  15 shadows
  29 vampire mosquitoes
  3 ynoxinuls
  A black mamba skeleton (Crypt:2)
  17 spriggans
  7 vampires
  A hog (shapeshifter) (Vaults:4)
  Grum (D:8)
  2 golden eyes (shapeshifter)
  5 hogs (Snake:3)
  The ghost of Armakuni the Charlatan, an average DgWn (Ossuary)
  5 small abominations
  20 swamp worms
  50 deep elf fighters
  A hill giant skeleton (Crypt:2)
  2 wyverns
  5 hungry ghosts
  A chaos spawn (Abyss:1)
  2 neqoxecs
  2 steam dragons
  13 hippogriffs
  6 mottled dragons
  A water nymph zombie (Crypt:2)
  64 nagas
  17 wargs
  A soldier ant (D:12)
  4 insubstantial wisps (Depths:2)
  26 wolves
  2 hydra simulacra
  A warg (shapeshifter) (Depths:2)
  10 hell hounds
  39 water moccasins
  19 porcupines
  A water nymph skeleton (Crypt:2)
  2 ice beasts
  16 wasps
  A deep troll skeleton (Crypt:1)
  A snapping turtle zombie (Tomb:1)
  2 sky beasts
  An ice dragon simulacrum (Crypt:3)
  A spiny frog skeleton (Crypt:3)
  2 eyes of draining
  52 ogres
  14 black bears
  13 necrophages
  16 swamp drakes
  50 orc warriors
  12 boggarts
  17 centaurs
  2 phantoms
  2 boring beetles
  2 lost souls (Crypt:3)
  17 crocodiles
  A boring beetle (shapeshifter) (Vaults:4)
  A spectral demonspawn (Swamp:5)
  22 giant frogs
  A big kobold (shapeshifter) (Depths:2)
  5 big kobolds
  A giant frog (shapeshifter) (Depths:5)
  8 earth elementals (Depths:2)
  A human simulacrum (Vaults:1)
  Blork the orc (D:8)
  A wyvern zombie (D:14)
  6 scorpions
  A boulder beetle zombie (Crypt:2)
  14 killer bees
  A snapping turtle simulacrum (Crypt:1)
  8 wights
  A yak skeleton (Crypt:2)
  10 electric eels
  4 goliath beetles
  7 crimson imps
  6 human zombies
  A hound (shapeshifter) (Depths:3)
  2 iron imps
  4 giant frog zombies
  2 giant frog skeletons
  30 hounds
  41 orc wizards
  11 worker ants
  40 orc priests
  3 quasits
  A jelly (D:10)
  11 iguanas
  6 hell rats
  A porcupine skeleton (Crypt:1)
  24 sheep
  Ijyb (D:2)
  A demigod skeleton (Crypt:2)
  3 hound zombies (Ossuary)
  3 hound skeletons
  78 mummies
  3 gnolls (D:8)
  21 river rats
  17 adders
  4 shadow imps
  3 white imps
  3 giant mites
  5 worms
  An adder zombie (D:5)
  A sheep skeleton (Crypt:1)
  2 adder skeletons
  3 giant geckos
  An ooze (D:2)
  215 orcs
  A ball python (D:4)
  2 bat skeletons (D:4)
  2 bat zombies (D:5)
  30 hobgoblins
  7 jackals
  31 kobolds
  9 quokkas
  16 bats
  8 giant cockroaches
  A giant gecko zombie (D:4)
  6 giant newts
  31 goblins
  2 goblin skeletons
  A goblin zombie (Ossuary)
  A hobgoblin skeleton (Orc:3)
  A hobgoblin zombie (Ossuary)
  A jackal zombie (Ossuary)
  2 kobold zombies (Ossuary)
  2 orc skeletons (Orc:3)
  4 orc zombies (Orc:3)
  A quokka skeleton (D:4)
  A quokka zombie (D:5)
  16 rats
  A ballistomycete (D:8)
  4 briar patches (Swamp:3)
  2 butterflies (Crypt:3)
  6 crawling corpses
  14 fungi
  5 plants
3310 creatures vanquished.

Vanquished Creatures (collateral kills)
  Nikola (Swamp:2)
  A spectral weapon (Swamp:3)
  A storm dragon (shapeshifter) (Depths:2)
  A deep elf sorcerer (Elf:3)
  A balrug (Elf:3)
  A deep elf demonologist (Elf:3)
  4 bennus (Tomb:3)
  2 naga warriors (Snake:3)
  A centaur warrior (D:13)
  2 spriggan berserkers
  A deep elf knight (Elf:1)
  A spriggan druid (Swamp:1)
  A ball lightning (Depths:2)
  A giant orange brain (Depths:2)
  A guardian serpent (shapeshifter) (Depths:2)
  A molten gargoyle (Depths:2)
  A naga mage (Snake:3)
  A deep elf priest (Elf:3)
  2 guardian mummies (Tomb:3)
  An air elemental (Depths:2)
  2 ravens (D:13)
  4 slime creatures (Swamp:2)
  A shadow (Swamp:3)
  2 deep elf magi
  2 deep elf fighters (Elf:1)
  4 nagas (Snake:3)
  A swamp worm (Swamp:2)
  An ogre (shapeshifter) (Depths:2)
  A centaur (D:13)
  An earth elemental (Depths:2)
  An elf zombie (Ossuary)
  An iron imp (Depths:2)
  An orc priest (D:13)
  A gnoll zombie (Ossuary)
  A goblin zombie (Ossuary)
50 creatures vanquished.

Vanquished Creatures (others)
  A quicksilver dragon (shapeshifter) (Depths:2)
  A tengu reaver (Vaults:5)
  3 balrugs
  A cacodemon (Vaults:5)
  An ettin (Vaults:5)
  2 green deaths
  A large abomination (Vaults:5)
  2 deep elf knights
  13 ball lightnings (Depths:2)
  2 necromancers
  2 anubis guards (Tomb:3)
  A black mamba (Snake:3)
  An elephant (Depths:4)
  A yaktaur (Vaults:5)
  6 water elementals
  2 fire elementals
  2 fire vortices (Volcano)
  A deep elf fighter (Vaults:5)
  A chaos spawn (Vaults:5)
  A vampire mosquito (Swamp:2)
  A naga (Snake:5)
  A boggart (Vaults:2)
  19 lost souls
  3 ufetubi (Ossuary)
  A giant spore (D:8)
  2 crawling corpses (Vaults:5)
  A fungus (Elf:3)
  5 plants
  2 starspawn tentacles (Abyss:1)
80 creatures vanquished.

Grand Total: 3440 creatures vanquished

Notes
Turn   | Place    | Note
--------------------------------------------------------------
     0 | D:1      | BluebellGnoll, the Minotaur Gladiator, began the quest for the Orb.
     0 | D:1      | Reached XP level 1. HP: 18/18 MP: 1/1
   363 | D:1      | Reached XP level 2. HP: 26/26 MP: 1/1
   525 | D:1      | Reached skill level 4 in Fighting
   707 | D:2      | Reached XP level 3. HP: 32/34 MP: 2/2
   752 | D:2      | Noticed Ijyb
   758 | D:2      | Killed Ijyb
   787 | D:2      | Reached skill level 5 in Fighting
   856 | D:2      | Reached XP level 4. HP: 40/42 MP: 2/2
   950 | D:2      | Found a sacrificial altar of Ru.
  1183 | D:2      | Reached skill level 1 in Armour
  1562 | D:3      | Found an iron altar of Okawaru.
  1562 | D:3      | Found a basalt altar of Yredelemnul.
  1563 | D:3      | Found a glowing silver altar of Zin.
  1567 | D:3      | Found a glowing golden altar of the Shining One.
  1575 | D:3      | Found a stormy altar of Qazlal.
  1575 | D:3      | Found a burning altar of Makhleb.
  1576 | D:3      | Found an ancient bone altar of Kikubaaqudgha.
  1589 | D:3      | Became a worshipper of Makhleb the Destroyer
  1596 | D:3      | Reached XP level 5. HP: 48/50 MP: 2/2
  1942 | D:4      | Noticed a phantom
  1967 | D:3      | Killed a phantom
  2119 | D:4      | Acquired Makhleb's first power
  2392 | D:4      | Found Dan Pre's Assorted Antiques.
  2395 | D:4      | Bought a scroll labeled BLATAT REICU for 18 gold pieces
  2395 | D:4      | Bought a scroll labeled URIFEEMPIRA for 18 gold pieces
  2395 | D:4      | Bought a scroll labeled HIGIOWKOYN for 18 gold pieces
  2395 | D:4      | Bought a scroll labeled ONGEIXZ ELOMU for 18 gold pieces
  2395 | D:4      | Bought a viscous puce potion for 16 gold pieces
  2395 | D:4      | Bought a fizzy golden potion for 16 gold pieces
  2453 | D:4      | Reached XP level 6. HP: 52/57 MP: 3/3
  2522 | D:4      | Noticed an ogre
  2528 | D:4      | Killed an ogre
  2528 | D:4      | Reached skill level 5 in Armour
  2534 | D:4      | Got a bone mace
  2537 | D:4      | Identified the +3 mace of the Dozen Tales {crush, MR+ Str+6} (You found it on level 4 of the Dungeon)
  2588 | D:4      | Reached skill level 6 in Armour
  2841 | D:5      | Entered Level 5 of the Dungeon
  2894 | D:5      | Reached XP level 7. HP: 64/64 MP: 3/3
  2901 | D:5      | Reached skill level 7 in Fighting
  3030 | D:5      | Acquired Makhleb's second power
  3144 | D:5      | Reached skill level 8 in Fighting
  3266 | D:5      | Found a shimmering altar of Xom.
  3351 | D:5      | Reached skill level 9 in Fighting
  3684 | D:5      | Reached XP level 8. HP: 78/78 MP: 3/3
  3860 | D:5      | Gained mutation: Your mind is acute. (Int +2) [potion of mutation]
  3860 | D:5      | Gained mutation: You are weak. (Str -2) [potion of mutation]
  3860 | D:5      | Gained mutation: You are frail (-10% HP). [potion of mutation]
  3861 | D:5      | Lost mutation: Your mind is acute. (Int +2) [potion of cure mutation]
  3861 | D:5      | Lost mutation: You are frail (-10% HP). [potion of cure mutation]
  3861 | D:5      | Lost mutation: You are weak. (Str -2) [potion of cure mutation]
  4142 | D:6      | Found Cococ's Food Emporium.
  4144 | D:6      | Reached skill level 5 in Axes
  4146 | D:6      | Acquired Makhleb's third power
  4890 | D:7      | Found a staircase to the Ecumenical Temple.
  4932 | Temple   | Entered the Ecumenical Temple
  5218 | D:7      | Found a deep blue altar of Sif Muna.
  5218 | D:7      | Found a shattered altar of Ashenzari.
  5335 | D:8      | Reached XP level 9. HP: 84/84 MP: 4/4
  5367 | D:8      | Found a sand-covered staircase.
  5372 | Ossuary  | Entered an ossuary
  5372 | Ossuary  | Noticed Armakuni's ghost (average DgWn)
  5382 | Ossuary  | Reached skill level 1 in Invocations
  5385 | Ossuary  | Killed Armakuni's ghost
  5387 | Ossuary  | Acquired Makhleb's fourth power
  5563 | D:8      | Reached skill level 1 in Evocations
  5564 | D:8      | Noticed Grum
  5572 | D:8      | Killed Grum
  5753 | D:8      | Reached skill level 5 in Evocations
  5865 | D:8      | Acquired Makhleb's fifth power
  5943 | D:8      | Noticed xsansara's ghost (experienced HaWn)
  5967 | D:8      | Killed xsansara's ghost
  5967 | D:8      | Reached XP level 10. HP: 88/91 MP: 13/16
  6067 | D:8      | Noticed Blork the orc
  6079 | D:8      | Killed Blork the orc
  6093 | D:8      | Found a bloodstained altar of Trog.
  6118 | D:8      | Noticed Erolcha
  6119 | D:8      | Noticed Prince Ribbit
  6120 | D:8      | Noticed Psyche
  6121 | D:8      | Killed Prince Ribbit
  6122 | D:8      | Killed Psyche
  6129 | D:8      | Killed Erolcha
  6353 | D:9      | Found Shycumm's Weapon Emporium.
  6426 | D:9      | Identified a scroll of acquirement
  6574 | D:9      | Found a staircase to the Lair.
  6585 | D:9      | Reached skill level 5 in Invocations
  6843 | D:9      | Found a snail-covered altar of Cheibriados.
  6966 | D:10     | Entered Level 10 of the Dungeon
  6989 | D:10     | Found a staircase to the Orcish Mines.
  7480 | D:10     | Reached skill level 10 in Invocations
  7641 | D:10     | Found a roughly hewn altar of Beogh.
  7648 | D:10     | Reached XP level 11. HP: 72/97 MP: 20/21
  7744 | D:11     | Reached skill level 11 in Invocations
  8159 | D:11     | Reached skill level 12 in Invocations
  8342 | Lair:1   | Entered Level 1 of the Lair of Beasts
  8379 | Lair:1   | Reached skill level 13 in Invocations
  8392 | Lair:1   | Gained mutation: You are partially covered in iridescent scales (AC +4). [potion of mutation]
  8392 | Lair:1   | Gained mutation: Your system is resistant to poisons. [potion of mutation]
  8392 | Lair:1   | Gained mutation: You evolve. [potion of mutation]
  8423 | Lair:1   | Noticed catsarecewl's ghost (powerful DEWz)
  8440 | Lair:1   | Killed catsarecewl's ghost
  8494 | Lair:1   | Noticed a seven-headed hydra
  8498 | Lair:1   | Killed a nine-headed hydra
  8935 | Lair:2   | Reached skill level 10 in Armour
  9281 | Lair:2   | Reached XP level 12. HP: 105/105 MP: 26/26
  9307 | Lair:2   | Gained mutation: You are agile. (Dex +2) [evolution]
  9473 | Lair:2   | Noticed a seven-headed hydra
  9476 | Lair:2   | Killed a seven-headed hydra
 10120 | Lair:3   | Reached skill level 14 in Armour
 10710 | Lair:4   | Found a staircase to the Swamp.
 10728 | Lair:4   | Reached skill level 15 in Armour
 11070 | Lair:4   | Noticed a four-headed hydra
 11073 | Lair:4   | Killed a four-headed hydra
 11078 | Lair:4   | Reached XP level 13. HP: 111/111 MP: 27/27
 11640 | Lair:4   | Reached skill level 16 in Armour
 12281 | Lair:5   | Reached skill level 17 in Armour
 12600 | Swamp:1  | Entered Level 1 of the Swamp
 13299 | Swamp:1  | Reached skill level 18 in Armour
 14067 | Swamp:2  | Reached skill level 10 in Fighting
 14141 | Swamp:2  | Noticed Nikola
 14148 | Swamp:2  | Noticed Agnes
 14399 | Swamp:2  | Killed Agnes
 14406 | Swamp:2  | Killed Nikola
 14406 | Swamp:2  | Reached XP level 14. HP: 87/124 MP: 27/27
 14887 | Swamp:2  | Lost mutation: You are agile. (Dex +2) [evolution]
 14887 | Swamp:2  | Lost mutation: You evolve. [end of evolution]
 16192 | D:12     | Got a polished ring mail
 16936 | D:12     | Noticed Joseph
 16959 | D:12     | Killed Joseph
 16971 | D:12     | Found a staircase to the Orcish Mines.
 17128 | Orc:1    | Entered Level 1 of the Orcish Mines
 17633 | Orc:4    | Entered Level 4 of the Orcish Mines
 17734 | Orc:3    | Noticed Gastronok
 17752 | Orc:3    | Killed Gastronok
 17869 | Orc:3    | Found Kuho's Gadget Boutique.
 17926 | Orc:3    | Noticed Josephine
 17931 | Orc:3    | Found a roughly hewn altar of Beogh.
 17933 | Orc:3    | Killed Josephine
 17933 | Orc:3    | Reached skill level 5 in Throwing
 18311 | Orc:2    | Noticed Nergalle
 18329 | Orc:2    | Killed Nergalle
 19533 | Orc:4    | Found a staircase to the Elven Halls.
 19730 | Orc:4    | Reached skill level 10 in Axes
 19766 | Orc:4    | Paralysed by an orc sorcerer for 6 turns
 19837 | Orc:4    | Found Jutet's Armour Emporium.
 19843 | Orc:4    | Found Twuror's Book Shop.
 19844 | Orc:4    | Found Tris' General Store.
 19844 | Orc:4    | Found Vaucac's Antique Weapon Shop.
 19852 | Orc:4    | Bought a scroll of magic mapping for 45 gold pieces
 19852 | Orc:4    | Bought 2 scrolls of fog for 52 gold pieces
 19852 | Orc:4    | Bought a scroll of remove curse for 39 gold pieces
 20221 | Orc:3    | Bought a lamp of fire for 560 gold pieces
 20632 | D:13     | Noticed Fannar
 20644 | D:13     | Killed Fannar
 20933 | D:13     | Found Losues' Antique Armour Emporium.
 21181 | D:14     | Reached XP level 15. HP: 135/135 MP: 28/28
 21191 | D:14     | Found a gate to the Vaults.
 21907 | Swamp:3  | Found a glowing golden altar of the Shining One.
 22002 | Swamp:3  | Noticed a thorn hunter
 22018 | Swamp:3  | Killed a thorn hunter
 22180 | Swamp:3  | Noticed Asterion
 22187 | Swamp:3  | Noticed a spectral weapon
 22189 | Swamp:3  | Killed a spectral weapon
 22192 | Swamp:3  | Killed Asterion
 23293 | Swamp:4  | Reached skill level 15 in Fighting
 23823 | Swamp:5  | Entered Level 5 of the Swamp
 24445 | Swamp:5  | Noticed Donald
 24457 | Swamp:5  | Killed Donald
 24572 | Swamp:5  | Noticed a spectral shard shrike
 24587 | Swamp:5  | Noticed a thorn hunter
 24597 | Swamp:5  | Killed a thorn hunter
 24626 | Swamp:5  | Reached XP level 16. HP: 157/157 MP: 29/29
 24647 | Swamp:5  | Got a decaying rune of Zot
 25434 | Lair:6   | Found a labyrinth entrance.
 25449 | Lab      | Entered a labyrinth
 25450 | Lab      | Upgraded the game from 0.16-a0-3884-g0a5f664 to 0.16-a0-3909-g31f9ca0
 26599 | Lair:2   | Identified a +3 rod of shadows (12/12) (You found it on level 5 of the Swamp)
 26731 | Lair:6   | Found a staircase to the Snake Pit.
 26983 | Lair:6   | Noticed Rupert
 26983 | Lair:6   | Paralysed by Rupert for 6 turns
 26997 | Lair:6   | Killed Rupert
 27631 | Lair:7   | Found a dark tunnel.
 27649 | Volcano  | Entered a volcano
 28018 | Lair:7   | Found a viscous altar of Jiyva.
 28024 | Lair:7   | Found a staircase to the Slime Pits.
 28629 | Lair:8   | Entered Level 8 of the Lair of Beasts
 28639 | Lair:8   | Reached skill level 10 in Evocations
 30713 | Snake:1  | Entered Level 1 of the Snake Pit
 31117 | Snake:1  | Gained mutation: You are partially covered in slimy green scales (AC +2). [potion of beneficial mutation]
 31767 | Snake:2  | Reached skill level 19 in Fighting
 32081 | Snake:2  | Reached XP level 17. HP: 168/168 MP: 29/29
 32159 | Snake:2  | Got a smoking battleaxe
 32764 | Lair:2   | Identified the +10 battleaxe of Responsibility {chop, rElec Dex+3} (You found it on level 2 of the Snake Pit)
 32948 | Snake:3  | Noticed Wiglaf
 32955 | Snake:3  | Killed Wiglaf
 32955 | Snake:3  | Reached skill level 20 in Fighting
 33119 | Snake:3  | Noticed Kirke
 33130 | Snake:3  | Killed Kirke
 33537 | Snake:3  | Noticed Aizul
 33546 | Snake:3  | Killed Aizul
 33872 | Snake:4  | Noticed Louise
 33879 | Snake:4  | Killed Louise
 34624 | Snake:5  | Entered Level 5 of the Snake Pit
 35100 | Snake:5  | Reached XP level 18. HP: 130/180 MP: 30/30
 35118 | Snake:5  | Reached skill level 21 in Armour
 35196 | Snake:5  | Noticed haldagan's ghost (mighty VSMo)
 35207 | Snake:5  | Killed haldagan's ghost
 35863 | Snake:5  | Reached skill level 22 in Armour
 36239 | Snake:5  | Got a serpentine rune of Zot
 36999 | Elf:1    | Entered Level 1 of the Elven Halls
 37379 | Elf:1    | Reached skill level 23 in Armour
 38018 | Elf:1    | Reached XP level 19. HP: 187/187 MP: 31/31
 38434 | D:14     | Noticed Sonja
 38437 | D:14     | Killed Sonja
 39217 | D:14     | Reached skill level 24 in Armour
 39471 | D:15     | Entered Level 15 of the Dungeon
 39551 | D:15     | Found a glowing silver altar of Zin.
 39645 | Vaults:1 | Entered Level 1 of the Vaults
 40152 | Vaults:1 | Reached skill level 5 in Dodging
 40342 | Vaults:1 | Found Riuni's Assorted Antiques.
 40348 | Vaults:1 | Bought a scroll of teleportation for 75 gold pieces
 40348 | Vaults:1 | Bought a scroll of magic mapping for 87 gold pieces
 41265 | Vaults:2 | Found Jaonudef's Gadget Boutique.
 41318 | Vaults:2 | Found a staircase to the Crypt.
 41745 | Vaults:2 | Reached skill level 25 in Armour
 42251 | Vaults:2 | Reached XP level 20. HP: 183/195 MP: 32/32
 42793 | Vaults:3 | Cast into the Abyss (a deep elf sorcerer)
 42969 | Vaults:3 | Escaped the Abyss
 43494 | Vaults:3 | Got a faintly glowing brass ring
 43495 | Vaults:3 | Identified the ring "Pathroh" {SustAb +Fly rElec Stlth+} (You found it on level 3 of the Vaults)
 43524 | Vaults:3 | Got a bronze plate armour
 43539 | Vaults:3 | Reached skill level 26 in Armour
 43557 | Vaults:3 | Identified the +0 plate armour of the Harvest {Str+3 Dex+4} (You found it on level 3 of the Vaults)
 44448 | D:15     | Noticed Ololoev's ghost (powerful HaHu)
 44461 | D:15     | Killed Ololoev's ghost
 44891 | D:15     | Found a staircase to the Depths.
 45352 | Vaults:4 | Found Olinutegg's Jewellery Emporium.
 45520 | Vaults:4 | Reached skill level 27 in Armour
 46066 | Vaults:4 | Reached skill level 10 in Dodging
 46369 | Vaults:4 | Noticed Jorgrun
 46380 | Vaults:4 | Killed Jorgrun
 46434 | Vaults:4 | Reached XP level 21. HP: 205/205 MP: 32/32
 47082 | Vaults:5 | Entered Level 5 of the Vaults
 47105 | Vaults:5 | Noticed an ancient lich
 47121 | Vaults:5 | Killed an ancient lich
 47137 | Vaults:5 | Reached skill level 15 in Dodging
 47143 | Vaults:5 | Noticed Saint Roka
 47282 | Vaults:5 | Killed Saint Roka
 47418 | Vaults:5 | Got an ancient plate armour
 47472 | Vaults:4 | Identified the +1 plate armour of Supple Strength {rPois- rN++} (You took it off an orc warrior on level 5 of the Vaults)
 47527 | Vaults:5 | Reached XP level 22. HP: 202/213 MP: 33/33
 47786 | Vaults:5 | Got a blackened scythe
 48005 | Vaults:5 | Got an encrusted plate armour
 48006 | Vaults:5 | Identified the cursed -2 plate armour of Zin's Wrath {-Tele +Fly rElec rPois+ rF-} (You found it on level 5 of the Vaults)
 48049 | Vaults:5 | Got a wavering graven amulet
 48050 | Vaults:5 | Identified the amulet of the Heavens {Stasis rPois- MR+ Int+4} (You found it on level 5 of the Vaults)
 48113 | Vaults:5 | Got a silver rune of Zot
 48921 | Vaults:5 | Got a flickering lead amulet
 48922 | Vaults:5 | Identified the amulet "Marchitu" {Clar MP+9} (You found it on level 5 of the Vaults)
 50105 | Elf:2    | Found a runed gate.
 50106 | Elf:2    | Found a runed gate.
 50108 | Elf:2    | Found a runed gate.
 50891 | Elf:3    | Entered Level 3 of the Elven Halls
 51114 | Elf:3    | Found Wedeniump's Antique Armour Shoppe.
 51770 | Elf:2    | Reached skill level 15 in Axes
 52013 | Elf:3    | Got a coiled iron ring
 52426 | Elf:3    | Reached XP level 23. HP: 225/225 MP: 33/33
 52439 | Elf:3    | Got a coiled bronze ring
 52458 | Elf:3    | Got a heavily runed glass ring
 52472 | Elf:3    | Identified the ring "Plokhlecu" {MR++ Dex-4 Stlth+} (You took it off a deep elf master archer on level 3 of the Elven Halls)
 52485 | Elf:3    | Identified the ring of Kholaupn {+Fly Str+3} (You took it off a deep elf sorcerer on level 3 of the Elven Halls)
 52489 | Elf:3    | Identified the ring "Fru Hat" {rPois+ rF- rN+ Int+2 Dex+3} (You took it off a deep elf death mage on level 3 of the Elven Halls)
 52984 | Elf:3    | Identified a +5 rod of destruction (10/10) (You took it off a deep elf sorcerer on level 3 of the Elven Halls)
 53307 | Depths:1 | Entered Level 1 of the Depths
 53337 | Depths:1 | Found a one-way gate to the infinite horrors of the Abyss.
 53338 | Depths:1 | Found a gateway to Hell.
 53386 | Depths:1 | Found a runed door.
 53571 | Depths:1 | Found a radiant altar of Vehumet.
 53571 | Depths:1 | Noticed an ancient lich
 53589 | Depths:1 | Killed an ancient lich
 53825 | Depths:1 | Identified Lee's Handbook of Attacks and the Rocks (You found it on level 1 of the Depths)
 54412 | Depths:2 | Found a gateway to a ziggurat.
 54638 | Depths:2 | Got a crude jade ring
 54640 | Depths:2 | Identified the ring "Gekaerr" {+Fly rF+ MR+ Stlth+} (You took it off a spriggan air mage on level 2 of the Depths)
 54653 | Depths:2 | Got a scintillating graven amulet
 54659 | Depths:2 | Got an ancient iron ring
 54663 | Depths:2 | Lost intelligence.
 54663 | Depths:2 | Identified the ring of Kissitsu {+Inv rPois+ MR+ MP+9 EV+3 Int-5} (You found it on level 2 of the Depths)
 54711 | Depths:2 | Identified the amulet of Vusyon {Stasis SInv} (You found it on level 2 of the Depths)
 54802 | Depths:2 | Got a bloodstained chain mail
 54813 | Depths:2 | Identified the +10 chain mail "Cithutyst" {-Cast rC++ Dex+4} (You found it on level 2 of the Depths)
 55110 | Depths:2 | Learned a level 1 spell: Apportation
 55112 | Depths:2 | Learned a level 1 spell: Summon Butterflies
 55861 | Depths:3 | Found a one-way gate leading to the halls of Pandemonium.
 55944 | Depths:3 | Reached XP level 24. HP: 245/245 MP: 34/34
 56539 | Depths:3 | Reached skill level 27 in Fighting
 57520 | Depths:3 | Identified Vymesud's Papyrus of Unstable Talismans
 57972 | Depths:4 | Identified the Catalogue of Harmful Bewitchment (You found it on level 4 of the Depths)
 58453 | Depths:4 | Reached XP level 25. HP: 254/257 MP: 29/34
 58930 | Depths:5 | Entered Level 5 of the Depths
 59065 | Depths:5 | Found a flickering gateway to a bazaar.
 59086 | Bazaar   | Entered a bazaar
 59088 | Bazaar   | Found Yxat's Food Boutique.
 59091 | Bazaar   | Found Fryodul's General Store.
 59092 | Bazaar   | Found Gilacizu's Book Boutique.
 59092 | Bazaar   | Found Viagy's General Store.
 59125 | Bazaar   | Bought a meat ration for 55 gold pieces
 59125 | Bazaar   | Bought a meat ration for 55 gold pieces
 59125 | Bazaar   | Bought a meat ration for 55 gold pieces
 59125 | Bazaar   | Bought 5 fruits for 82 gold pieces
 59125 | Bazaar   | Bought a beef jerky for 16 gold pieces
 59125 | Bazaar   | Bought 3 royal jellies for 66 gold pieces
 59125 | Bazaar   | Bought 3 fruits for 49 gold pieces
 59125 | Bazaar   | Bought a beef jerky for 16 gold pieces
 59125 | Bazaar   | Bought a royal jelly for 22 gold pieces
 59125 | Bazaar   | Bought a slice of pizza for 16 gold pieces
 59125 | Bazaar   | Bought a royal jelly for 22 gold pieces
 59133 | Bazaar   | Bought a bread ration for 55 gold pieces
 59133 | Bazaar   | Bought a bread ration for 55 gold pieces
 59139 | Bazaar   | Bought a beef jerky for 18 gold pieces
 59220 | Depths:5 | Found a glowing golden altar of the Shining One.
 60389 | Depths:5 | Found a gate to the Realm of Zot.
 61715 | Crypt:1  | Entered Level 1 of the Crypt
 62114 | Crypt:1  | Reached skill level 15 in Invocations
 63388 | Crypt:3  | Entered Level 3 of the Crypt
 63596 | Crypt:3  | Noticed Jory
 63614 | Crypt:3  | Killed Jory
 64000 | Crypt:3  | Reached XP level 26. HP: 266/266 MP: 37/37
 64073 | Crypt:3  | Identified the Papyrus of Toxic Evil Arts (You found it on level 3 of the Crypt)
 64194 | Crypt:3  | Found an ancient bone altar of Kikubaaqudgha.
 64202 | Crypt:3  | Paralysed by a lich for 6 turns
 64249 | Crypt:3  | Noticed an ancient lich
 64269 | Crypt:3  | Killed an ancient lich
 64702 | Crypt:3  | Noticed Margery
 64715 | Crypt:3  | Killed Margery
 64756 | Crypt:3  | Got a crude amber ring
 64763 | Crypt:3  | Got a slimy bronze ring
 64765 | Crypt:3  | Identified the ring of Immorality {rN+ Str-5 Dex+2 Slay+2} (You took it off a hell knight on level 3 of the Crypt)
 64797 | Crypt:3  | Got a coiled emerald amulet
 64798 | Crypt:3  | Identified the amulet of Exhibitionism {Spirit Int+2 Dex+4} (You took it off Margery on level 3 of the Crypt)
 64801 | Crypt:3  | Identified the ring of Xom's Ringing Laughter {rElec rF+ rN+ Int+5} (You took it off a hell knight on level 3 of the Crypt)
 64806 | Crypt:3  | Got a sparkling lapis lazuli ring
 64808 | Crypt:3  | Identified the ring "Irah" {+Fly rN+ Str+4 Dex-4} (You took it off a hell knight on level 3 of the Crypt)
 65045 | Crypt:3  | Found a staircase to the Tomb.
 65581 | Tomb:1   | Entered Level 1 of the Tomb of the Ancients
 66539 | Tomb:1   | Noticed an ancient lich
 66547 | Tomb:1   | Killed an ancient lich
 70938 | Tomb:3   | Entered Level 3 of the Tomb of the Ancients
 70941 | Tomb:3   | Reached XP level 27. HP: 270/270 MP: 40/40
 70943 | Tomb:3   | Noticed Boris
 70957 | Tomb:3   | Noticed an ancient lich
 70961 | Tomb:3   | HP: 10/270 [greater mummy/divine providence (16)]
 73352 | Tomb:2   | Gained mutation: You are dopey. (Int -2) [mutagenic glow]
 73872 | Tomb:2   | Killed Boris
 74568 | Tomb:2   | Killed from afar by an ancient lich

Action                   |  1- 3 |  4- 6 |  7- 9 | 10-12 | 13-15 | 16-18 | 19-21 | 22-24 | 25-27 || total
-------------------------+-------+-------+-------+-------+-------+-------+-------+-------+-------++-------
Melee: War axe           |    47 |   152 |       |       |    75 |       |       |       |       ||   274
       Mace              |       |     9 |    48 |       |       |       |       |       |       ||    57
       Hand axe          |       |     5 |   248 |   526 |  1057 |   747 |       |       |       ||  2583
       Battleaxe         |       |       |       |       |       |   557 |  1049 |  1340 |  1381 ||  4327
Throw: Throwing net      |       |       |     2 |     1 |       |       |       |       |     2 ||     5
       Javelin           |       |       |       |     6 |     1 |     1 |    14 |     2 |       ||    24
       Tomahawk          |       |       |       |       |     4 |   116 |    40 |       |    18 ||   178
Invok: Lesser Servant of |       |       |     1 |       |       |       |       |       |       ||     1
       Major Destruction |       |       |       |     1 |    54 |    12 |    24 |    42 |    52 ||   185
       Greater Servant o |       |       |       |       |     5 |     3 |     1 |     4 |     5 ||    18
 Abil: Evoke Flight      |       |       |       |       |       |     1 |     2 |     2 |     3 ||     8
Evoke: Wand              |       |       |       |    15 |    11 |    13 |       |     7 |     6 ||    52
       Lamp of fire      |       |       |       |       |       |     2 |       |     3 |       ||     5
       Rod               |       |       |       |       |       |       |    14 |       |       ||    14
       Phial of floods   |       |       |       |       |       |       |       |     1 |     1 ||     2
  Use: Scroll            |       |     9 |    19 |    10 |    11 |    16 |     7 |     9 |    19 ||   100
       Potion            |       |       |     3 |     2 |     4 |     4 |     5 |     2 |    13 ||    33
 Stab: Held in net/web   |       |       |     1 |       |       |       |       |       |     3 ||     4
       Distracted        |       |       |       |       |     1 |     1 |       |       |     1 ||     3
       Invisible         |       |       |       |       |       |       |       |    16 |       ||    16
       Petrified         |       |       |       |       |       |       |       |     1 |       ||     1
  Eat: Chunk             |       |     7 |    10 |    17 |    51 |    44 |   152 |   153 |    22 ||   456
       Beef jerky        |       |       |       |       |     1 |       |     1 |       |     1 ||     3
       Fruit             |       |       |       |       |       |     2 |       |       |       ||     2
       Bread ration      |       |       |       |       |       |       |       |       |     7 ||     7
       Royal jelly       |       |       |       |       |       |       |       |       |     1 ||     1
       Pizza             |       |       |       |       |       |       |       |       |     7 ||     7
